 Dungeon Crawl Stone Soup version 0.28.0-53-g5a82cb258f (webtiles) character file.

Game seed: 3515975333205746233

44 H0rd4k the Charlatan (level 3, 0/26 HPs)
             Began as a Human Artificer on June 24, 2022.
             Slain by a worm (5 damage)
             ... on level 2 of the Dungeon.
             The game lasted 00:01:25 (2081 turns).

H0rd4k the Charlatan (Human Artificer)              Turns: 2081, Time: 00:01:27

Health: 0/26       AC:  4    Str: 12    XL:     3   Next: 85%
Magic:  3/3        EV: 11    Int: 13    God:
Gold:   13         SH:  0    Dex: 13    Spells: 2/2 levels left

rFire   . . .      SeeInvis .   a - +0 club
rCold   . . .      Faith    .   (no shield)
rNeg    . . .      Spirit   .   b - +0 leather armour
rPois   .          Reflect  .   (no helmet)
rElec   .          Harm     .   (no cloak)
rCorr   .          Rampage  .   (no gloves)
Will    .....                   i - +0 pair of boots
Stlth   +.........              (no amulet)
HPRegen 0.08/turn               (no ring)
MPRegen 0.08/turn               (no ring)

@: no status effects
A: no striking features
a: no special abilities


You were on level 2 of the Dungeon.
You visited 1 branch of the dungeon, and saw 2 of its levels.

You collected 13 gold pieces.

Inventory:

Hand Weapons
 a - a +0 club (weapon)
 m - a +2 hand axe of draining
Armour
 b - a +0 leather armour (worn)
 i - a +0 pair of boots (worn)
Magical Staves
 o - a staff of poison
Jewellery
 g - an amulet of reflection
Wands
 c - a wand of flame (10) (quivered)
 d - a wand of charming (15)
Scrolls
 f - a scroll of vulnerability {unknown}
 h - a scroll of noise {unknown}
 k - a scroll of holy word {unknown}
Potions
 j - 2 potions of magic {unknown}
 l - 2 potions of haste {unknown}
 n - a potion of lignification {unknown}
Miscellaneous
 e - a piece from Xom's chessboard (15/15)


   Skills:
 + Level 1.4 Fighting
 + Level 1.1 Maces & Flails
 - Level 2.0 Armour
 + Level 1.4 Dodging
 - Level 1.0 Stealth
 + Level 3.8 Evocations


You had 2 spell levels left.
You didn't know any spells.
Your spell library was empty.

Dungeon Overview and Level Annotations

Branches:
Dungeon (2/15)

Altars:


Message History

The frilled lizard misses you.
You hit the frilled lizard.
The frilled lizard is heavily wounded.
The frilled lizard misses you.
You hit the frilled lizard.
You kill the frilled lizard!
You hit the worm.
The worm is moderately wounded.
The worm bites you!
You hit the worm but do no damage.
The worm is lightly wounded.
You barely miss the worm.
The worm is lightly wounded.
The worm bites you!
* * * LOW HITPOINT WARNING * * *
Aiming: Throw Flame
Press: ? - help, Shift-Dir - straight line, f - worm
Aim: a worm (90% to hit)
The puff of flame hits the worm.
The worm is lightly wounded.
Unknown command.
Aiming: Throw Flame
Press: ? - help, Shift-Dir - straight line, f/p - worm
Aim: a worm (lightly wounded, 90% to hit)
The puff of flame hits the worm.
The worm is moderately wounded.
Unknown command.
Aiming: Throw Flame
Press: ? - help, Shift-Dir - straight line, f/p - worm
Aim: a worm (moderately wounded, 90% to hit)
The puff of flame hits the worm!
The worm is severely wounded.
Unknown command.
Aiming: Throw Flame
Press: ? - help, Shift-Dir - straight line, f/p - worm
Aim: a worm (severely wounded, 90% to hit)
The puff of flame hits the worm.
The worm is almost dead.
The worm bites you.
You die...

#####....##
###.....##
....'.....#
#.......(#
#####.....#
#†#......# #.....#
#.#......# #.....#
#.#......# #.....#
#.#......# #####.#
#.#.......
#.######w####....
#.......@## ....
###.......#
#.......# #########
#.......#
........###.......#
####.....##.......#
...........)......'.
####......#.......#.
#....#÷#####.###


You could see a worm.

Vanquished Creatures
  2 dart slugs
  An orc (D:2)
  4 ball pythons (D:2)
  A bat (D:1)
  5 endoplasms (D:2)
  5 giant cockroaches (D:1)
  2 goblins (D:2)
  3 hobgoblins (D:2)
  3 kobolds
  A frilled lizard (D:2)
  8 rats
35 creatures vanquished.

Notes
Turn   | Place    | Note
-------+----------+-------------------------------------------
     0 | D:1      | H0rd4k the Human Artificer began the quest for the Orb.
     0 | D:1      | Reached XP level 1. HP: 15/15 MP: 1/1
   258 | D:1      | Found a faded altar of an unknown god.
   285 | D:1      | Reached XP level 2. HP: 20/21 MP: 2/2
  1257 | D:2      | Reached XP level 3. HP: 23/26 MP: 3/3
  2055 | D:2      | Reached skill level 1 in Maces & Flails
  2081 | D:2      | Slain by a worm

Illustrated notes

Levels and vault maps discovered:
D:1:      dpeg_arrival_prison, layout_loops_corners,
          ebering_ecumenical_altar_webs
D:2:      layout_basic

Skill      XL: |  1  2  3 |
---------------+----------+-----
Maces & Flails | 1 |  1.1
Fighting       | |  1.4
Armour         | |  2.0
Dodging        | |  1.4
Stealth        | |  1.0
Evocations     | |  3.8

Action                   || total
-------------------------++-------
Melee: Club              ||   162
       Punch             ||     3
Evoke: Wand              ||     5
 Stab: Sleeping          ||     3
       Distracted        ||     1
Armor: Leather armour    ||    53
Dodge: Dodged            ||   105
